Map: Odyssey LE

Players

Neeb

  • Race: Protoss Protoss
  • Spawn Location: 11:00

soO - Winner!

  • Race: Zerg Zerg
  • Spawn Location: 5:00

Event: 2017 WCS Global Finals

VOD

Have the link to the VOD?

Description

Time

  • Played on: Oct. 29, 2017, 12:20 p.m.
  • Length: 8:09

All games in this series

Show
View Real Time Build Order
Export as new Build Order

Neeb Protoss 

Build Orders: 1 Gate Expand, Oracle Opening 

Get SALT Encoding   

  12  0:00  Probe (Chrono Boost)  
  13  0:11  Probe (Chrono Boost)  
  14  0:18  Pylon  
  14  0:22  Probe (Chrono Boost)  
  15  0:36  Probe (Chrono Boost)  
  15  0:39  Gateway  
  16  0:43  Assimilator  
  16  0:46  Probe (Chrono Boost)  
  17  0:57  Probe (Chrono Boost)  
  18  1:08  Probe (Chrono Boost)  
  19  1:18  Probe (Chrono Boost)  
  20  1:23  Nexus  
  20  1:32  Cybernetics Core  
  20  1:36  Probe (Chrono Boost)  
  21  1:43  Assimilator  
  21  1:46  Probe (Chrono Boost)  
  22  1:51  Pylon  
  22  1:57  Probe (Chrono Boost)  
  23  2:09  Warp Gate, Adept (Chrono Boost), Probe  
  26  2:20  Gateway  
  26  2:21  Probe  
  27  2:32  Stargate  
  27  2:34  Probe  
  27  2:35  Probe  
  29  2:42  Adept (Chrono Boost)  
  31  2:45  Probe  
  31  2:47  Probe  
  33  2:55  Probe  
  34  2:59  Probe  
  34  3:05  Pylon  
  35  3:06  Probe  
  35  3:07  Adept (Chrono Boost)  
  35  3:10  Adept (Chrono Boost)  
  40  3:15  Oracle (Chrono Boost)  
  40  3:19  Probe  
  44  3:20  Probe  
  45  3:31  Probe  
  45  3:32  Adept (Chrono Boost), Probe  
  47  3:36  Pylon  
  47  3:37  Adept (Chrono Boost)  
  51  3:44  Probe  
  51  3:45  Probe  
  53  3:50  Oracle (Chrono Boost)  
  53  3:54  Pylon  
  56  3:56  Probe  
  56  3:57  Probe  
  58  4:04  Pylon  
  58  4:05  Pylon  
  58  4:08  Probe  
  58  4:09  Probe  
  60  4:14  Adept x2  
  64  4:20  Probe  
  64  4:21  Pylon  
  65  4:26  Mothership Core (Chrono Boost)  
  65  4:27  Assimilator  
  65  4:29  Assimilator  
  67  4:33  Probe (Chrono Boost)  
  68  4:40  Void Ray  
  69  4:46  Probe (Chrono Boost)  
  69  4:47  Probe (Chrono Boost)  
  74  4:58  Probe x2 (Chrono Boost)  
  74  5:08  Probe (Chrono Boost)  
  74  5:10  Probe (Chrono Boost)  
  74  5:11  Stargate  
  76  5:14  Nexus  
  76  5:19  Probe (Chrono Boost)  
  76  5:22  Probe (Chrono Boost)  
  76  5:23  Stargate  
  76  5:26  Oracle  
  76  5:27  Assimilator  
  76  5:29  Probe (Chrono Boost)  
  76  5:31  Assimilator  
  76  5:34  Adept, Probe (Chrono Boost)  
  83  5:40  Probe (Chrono Boost), Pylon  
  84  5:47  Probe (Chrono Boost)  
  84  5:48  Adept, Pylon  
  87  5:50  Probe (Chrono Boost)  
  87  5:54  Oracle (Chrono Boost)  
  91  5:58  Probe (Chrono Boost)  
  91  6:01  Probe (Chrono Boost)  
  93  6:09  Probe  
  93  6:10  Oracle (Chrono Boost)  
  97  6:12  Probe  
  97  6:15  Oracle (Chrono Boost)  
  98  6:21  Probe  
  98  6:24  Probe  
  100  6:26  Probe  
  100  6:28  Oracle (Chrono Boost)  
  104  6:34  Adept  
  104  6:35  Adept  
  108  6:46  Pylon  
  111  6:47  Oracle (Chrono Boost)  
  83  7:03  Stalker x2  
  78  7:12  Void Ray (Chrono Boost)  
  78  7:15  Pylon x2  
  66  7:33  Zealot x2  
  66  7:34  Probe x2  
  69  7:39  Cybernetics Core  
  60  7:46  Probe x2  
  64  7:58  Pylon  
  66  8:03  Zealot x2  
Show
View Real Time Build Order
Export as new Build Order

soO Zerg - Winner!

Build Orders: Hatch First 

Get SALT Encoding   

  12  0:00  Drone  
  13  0:12  Overlord  
  13  0:16  Drone  
  14  0:30  Drone x2  
  14  0:34  Drone  
  17  0:51  Hatchery  
  17  0:54  Drone  
  18  0:57  Drone  
  18  1:07  Extractor  
  17  1:12  Spawning Pool  
  17  1:14  Drone  
  17  1:17  Drone  
  18  1:27  Drone  
  19  1:38  Drone  
  20  1:49  Overlord  
  20  1:58  Queen  
  22  2:03  Queen  
  22  2:04  Drone, Zergling x2  
  22  2:06  Metabolic Boost  
  26  2:10  Drone  
  26  2:15  Drone  
  28  2:22  Drone  
  29  2:25  Drone  
  30  2:35  Hatchery  
  29  2:38  Drone  
  29  2:39  Drone  
  31  2:45  Zergling x2  
  31  2:47  Overlord  
  32  2:54  Drone  
  32  2:57  Drone  
  34  3:08  Queen, Drone x2  
  34  3:10  Drone x2  
  34  3:12  Overlord  
  40  3:13  Zergling x2  
  40  3:17  Spore Crawler  
  40  3:21  Zergling x4  
  40  3:22  Zergling x2  
  43  3:28  Overlord  
  43  3:31  Drone  
  43  3:32  Spore Crawler  
  43  3:39  Drone x3  
  45  3:44  Queen  
  45  3:46  Drone  
  48  3:49  Queen  
  48  3:50  Drone  
  51  3:58  Drone  
  51  4:01  Drone  
  53  4:04  Spore Crawler  
  53  4:06  Drone x2  
  53  4:08  Zergling x2  
  57  4:10  Zergling x2  
  61  4:28  Overlord  
  61  4:29  Lair, Zergling x4  
  61  4:30  Drone x2  
  61  4:31  Drone x3  
  66  4:35  Drone x3  
  66  4:41  Extractor  
  66  4:43  Zergling x2  
  66  4:44  Overlord  
  66  4:50  Zergling x4  
  68  4:56  Zergling x16  
  68  5:00  Zergling x6  
  66  5:08  Zergling x6  
  66  5:10  Queen  
  66  5:13  Drone  
  70  5:19  Drone x2  
  71  5:23  Roach Warren  
  71  5:26  Queen  
  72  5:30  Queen  
  73  5:40  Extractor, Drone x2  
  73  5:41  Drone x2  
  76  5:47  Queen  
  78  5:50  Nydus Network  
  78  5:52  Overlord  
  78  5:55  Overlord  
  77  5:57  Extractor  
  77  6:03  Queen, Overlord  
  78  6:04  Roach  
  78  6:09  Queen  
  82  6:16  Roach  
  82  6:17  Roach x6  
  97  6:25  Roach  
  97  6:26  Roach x2  
  97  6:31  Nydus Canal  
  101  6:35  Roach x2  
  101  6:39  Overlord  
  105  6:41  Overlord  
  105  6:43  Overlord  
  105  6:58  Queen x2  
  105  7:00  Queen  
  103  7:03  Roach x4  
  99  7:10  Roach x3  
  99  7:13  Roach  
  103  7:17  Roach  
  103  7:19  Roach x2  
  103  7:21  Roach  
  103  7:22  Roach  
  109  7:38  Drone  
  104  7:46  Spore Crawler x2  
  104  7:47  Drone x3  
  104  7:48  Drone  
  104  7:50  Drone  
  107  7:55  Drone  
Tags
 
Add a new tag
Caveats
  • Supply blocks, unpowered buildings, or Contaminate may cause inaccurate times.
  • Supply counts are checked every 10 seconds.